 Dungeon Crawl Stone Soup version 0.19.4 (webtiles) character file.

32 Minion the Firebug (level 3, 0/31 HPs)
             Began as an Octopode Fire Elementalist on Feb 1, 2017.
             Succumbed to an adder's poison
             ... on level 2 of the Dungeon.
             The game lasted 00:03:48 (984 turns).

Minion the Firebug (Octopode Fire Elementalist)      Turns: 984, Time: 00:03:49

Health: 0/31       AC: 21    Str:  7    XL:     3   Next: 27%
Magic:  1/7        EV:  2    Int: 23    God:
Gold:   81         SH:  0    Dex: 14    Spells: 1 memorised, 6 levels left

rFire  . . .     SeeInvis .     (no weapon)
rCold  . . .     Gourm    .     (no shield)
rNeg   + + +     Faith    .     (helmet currently unavailable)
rPois  +         Spirit   .     (no amulet)
rElec  .         Reflect  .     k - ring of protection from magic
rCorr  .         Harm     .     (no ring)
MR     ++...     NoTele   +     (no ring)
Stlth  ++........               (no ring)
                                (no ring)
                                (no ring)
                                (no ring)
                                (no ring)

@: brilliant, lethally poisoned (0 -> -3), tree-form
A: almost no armour, stealthy swim, (amphibious), 8 rings, (constrict 8), (icy
blue scales 0), (camouflage 0), agile 1, magic resistance 1, (gelatinous body 0)
a: no special abilities


You were on level 2 of the Dungeon.
You were not hungry.
You were a tree.
You visited 1 branch of the dungeon, and saw 2 of its levels.

You collected 81 gold pieces.

Inventory:

Armour
 m - a +1 robe of resistance
Jewellery
 k - a ring of protection from magic (left branch)
Wands
 j - a wand of flame (10/48)
Scrolls
 c - 2 scrolls of teleportation
 g - 4 scrolls of identify
 h - a scroll of remove curse
Books
 a - a book of Flames

   Spells                             Type                      Level
   a - Flame Tongue                   Conjuration/Fire             1
   b - Throw Flame                    Conjuration/Fire             2
   c - Conjure Flame                  Conjuration/Fire             3
   d - Inner Flame                    Hexes/Fire                   3
   e - Sticky Flame                   Conjuration/Fire             4
   f - Fireball                       Conjuration/Fire             5
Comestibles
 b - a bread ration
 f - a meat ration


   Skills:
 - Level 2.0 Dodging
 - Level 2.6 Stealth
 + Level 2.6 Spellcasting
 - Level 1.0 Conjurations
 + Level 3.7 Fire Magic


You had 6 spell levels left.
You knew the following spells:

 Your Spells              Type           Power        Failure   Level  Hunger
a - Flame Tongue          Conj/Fire      ####.        1%          1    None


Dungeon Overview and Level Annotations

Branches:
Dungeon (2/15)

Altars:


Innate Abilities, Weirdness & Mutations

You cannot wear most types of armour.
You are very stealthy in the water. (Stealth+)
((You are amphibious.))
You can wear up to eight rings at the same time.
((You can use your tentacles to constrict eight enemies at once.))
((Your skin changes colour to match your surroundings (Stealth+).))
((Your rubbery body absorbs attacks. (AC +1, EV +1)))
((You are partially covered in icy blue scales. (AC +2)))
You are agile. (Dex +2)
You are resistant to hostile enchantments. (MR+)


Message History

You feel agile.
Icy blue scales grow over part of your body.
You feel resistant to hostile enchantments.
As you read the scroll labeled LONEDETELORPH, it crumbles to dust.
You feel a strange sense of stasis.
It was a scroll of teleportation.
* * * LOW HITPOINT WARNING * * *
You feel sick.
As you read the scroll labeled LUQUEL GOSKEW, it crumbles to dust.
It is a scroll of identify.
h - a scroll of remove curse
As you read the scroll labeled OTIRUSSOROI, it crumbles to dust.
It is a scroll of enchant armour.
Your runed robe glows green for a moment.
* * * LOW HITPOINT WARNING * * *
You feel sick.
You cannot move.
You swing at nothing.
You swing at nothing.
You swing at nothing.
You die...

######### #).....#
#####.......# #......#
.......###.## #......+
.......#...#####......##
........................
..........#)###.#.#)####
#####......>......#.#...
#.#.####..#...#†#.#<
#.#♣# #..#.#.#.#.## #
#.# #..#.#†#.#... #.#
#..#.#...####
#.####....#...##..
#.#....####......#
#.#.#### #.#.#### ..#.#
#....... ###.# ###.###.
#.# #.#.#.


There were no monsters in sight!

Vanquished Creatures
  An adder (D:2)
  A worm (D:2)
  2 giant cockroaches (D:1)
  2 goblins (D:2)
  2 hobgoblins
  A quokka (D:2)
  2 frilled lizards (D:1)
  7 kobolds
  4 rats
22 creatures vanquished.

Notes
Turn   | Place    | Note
-------+----------+-------------------------------------------
     0 | D:1      | Minion the Octopode Fire Elementalist began the quest for the Orb.
     0 | D:1      | Reached XP level 1. HP: 11/11 MP: 3/3
   394 | D:1      | Reached XP level 2. HP: 15/17 MP: 0/5
   900 | D:2      | Reached XP level 3. HP: 21/21 MP: 1/6
   978 | D:2      | Gained mutation: You are agile. (Dex +2) [potion of mutation]
   978 | D:2      | Gained mutation: You are partially covered in icy blue scales. (AC +2) [potion of mutation]
   978 | D:2      | Gained mutation: You are resistant to hostile enchantments. (MR+) [potion of mutation]
   981 | D:2      | HP: 1/31 [poisoned by an adder]
   984 | D:2      | Succumbed to an adder's poison

Action                   || total
-------------------------++-------
Melee: Unarmed           ||     5
       Tentacles         ||     3
       Constrict         ||     1
 Cast: Flame Tongue      ||    36
  Use: Scroll            ||     3
       Potion            ||     3
Dodge: Dodged            ||    12
